 Dungeon Crawl Stone Soup version 0.29-a0-330-g52719c12eb (webtiles) character file.

Game seed: 4074128444991073409

1281 zishaf the Reanimator (level 8, -1/53 HPs)
             Began as a Tengu Necromancer on Apr 12, 2022.
             Slain by Duvessa
             ... wielding a +7 short sword of venom
              (9 damage)
             ... on level 5 of the Dungeon.
             The game lasted 00:11:41 (6662 turns).

zishaf the Reanimator (Tengu Necromancer)           Turns: 6662, Time: 00:11:42

Health: -1/53      AC:  3    Str:  8    XL:     8   Next: 54%
Magic:  0/12       EV: 14    Int: 25    God:
Gold:   280        SH:  0    Dex: 14    Spells: 7/11 levels left

rFire   + . .      SeeInvis .   g - +2 dagger (pain)
rCold   . . .      Faith    .   (no shield)
rNeg    . . .      Spirit   .   a - +1 robe
rPois   .          Reflect  .   (helmet restricted)
rElec   .          Harm     .   (no cloak)
rCorr   .          Rampage  .   (no gloves)
Will    .....                   (boots unavailable)
Stlth   ++........              (no amulet)
HPRegen 0.17/turn               r - +6 ring of intelligence
MPRegen 0.13/turn               c - ring of protection from fire

@: lethally poisoned (-1 -> -25), flying quickly and evasively, studying Slings,
quick
A: beak, talons 3, nimble flight
a: no special abilities


You were on level 5 of the Dungeon.
You visited 1 branch of the dungeon, and saw 6 of its levels.

You collected 280 gold pieces.

Inventory:

Hand Weapons
 d - a +0 vorpal hand axe
 g - a +2 dagger of pain (weapon)
 j - a +2 flail of pain
Armour
 a - a +1 robe (worn)
Jewellery
 c - a ring of protection from fire (right hand)
 h - a ring of positive energy
 r - a +6 ring of intelligence (left hand)
 s - a ring of ice
 u - a ring of protection from cold
Wands
 e - a wand of paralysis (2)
 m - a wand of flame (22)
Scrolls
 o - a scroll of silence
 p - a scroll of noise {unknown}
 q - a scroll of summoning {unknown}
Potions
 b - a potion of magic
 f - a potion of brilliance
 i - a potion of heal wounds
 k - 2 potions of mutation
 l - 2 potions of curing
 n - a potion of invisibility {unknown}
 t - a potion of haste {unknown}


   Skills:
 + Level 7.0 Fighting
 - Level 2.1 Dodging
 - Level 2.0 Stealth
 - Level 2.0 Spellcasting
 + Level 9.0 Necromancy


You had 7 spell levels left.
You knew the following spells:

 Your Spells              Type           Power      Damage    Failure   Level
a - Pain                  Necr           100%       1d9       1%          1
b - Vampiric Draining     Necr           47%        2d9       1%          3

Your spell library contained the following spells:

 Spells                   Type           Power      Damage    Failure   Level
 Animate Skeleton         Necr           94%        N/A       1%          1
 Animate Dead             Necr           23%        N/A       2%          4
 Agony                    Necr           47%        N/A       8%          5
 Summon Small Mammal      Summ           8%         N/A       11%         1
 Call Canine Familiar     Summ           2%         N/A       32%         3
 Conjure Flame            Conj/Fire      2%         6-21      32%         3
 Ignite Poison            Fire/Tmut/Pois 2%         N/A       32%         3
 Summon Guardian Golem    Hex/Summ       2%         N/A       32%         3
 Sticky Flame             Conj/Fire      2%         2d3       73%         4


Dungeon Overview and Level Annotations

Branches:
Dungeon (6/15)
 Temple: D:4-7

Altars:
Cheibriados
Makhleb
Ru
Xom

Shops:
D:4 :

Annotations:
D:3 1 runed translucent door, Crazy Yiuf
D:5 Duvessa
D:6 Menkaure


Innate Abilities, Weirdness & Mutations

You have a beak for a mouth.
You have claws for feet.
Your magical nature lets you fly swiftly and evasively.


Message History

Dowan hits you with a +0 dagger.
Casting: Vampiric Draining (safe; 1% risk of failure)
Confirm with . or Enter, or press ? or * to list all spells.
Aiming: Vampiric Draining (safe; 1% risk of failure)
Press: ? - help, Shift-Dir - straight line, f/p - Dowan
Aim: Dowan, wielding a +0 dagger and wearing a +0 robe (moderately wounded)
You draw life force from Dowan!
You feel life coursing into your body.
Dowan points at you and mumbles some strange words.
The puff of frost hits you.
Casting: Vampiric Draining (safe; 1% risk of failure)
Confirm with . or Enter, or press ? or * to list all spells.
Aiming: Vampiric Draining (safe; 1% risk of failure)
Press: ? - help, Shift-Dir - straight line, f/p - Dowan
Aim: Dowan, wielding a +0 dagger and wearing a +0 robe (almost dead)
You draw life force from Dowan!
You kill Dowan!
Duvessa weeps, and shakes her weapon.
Duvessa goes berserk!
You feel life coursing into your body.
Duvessa rages.
Duvessa closely misses you.
Your Fighting skill increases to level 7!
Your Necromancy skill increases to level 9!
Casting: Vampiric Draining (safe; 1% risk of failure)
Confirm with . or Enter, or press ? or * to list all spells.
Aiming: Vampiric Draining (safe; 1% risk of failure)
Press: ? - help, Shift-Dir - straight line, f - Duvessa
Aim: Duvessa, wielding a +7 short sword of venom and wearing a +0 chain mail (severely wounded, berserk)
You draw life force from Duvessa!
You feel life coursing into your body!
Duvessa hits you with a +7 short sword of venom!!
* * * LOW HITPOINT WARNING * * *
You are lethally poisoned!
Aiming: Throw Flame
Press: ? - help, Shift-Dir - straight line, f/p - Duvessa
Aim: Duvessa, wielding a +7 short sword of venom and wearing a +0 chain mail (almost dead, berserk, 81% to hit)
The puff of flame hits Duvessa but does no damage.
Duvessa is almost dead.
* * * LOW HITPOINT WARNING * * *
You feel extremely sick.
Duvessa hits you with a +7 short sword of venom!
You die...

##### #........#
#..............
....####........#
#...^..........
....'..'........#
##.............
....####........#
#.............
....#..........##
#.#+#####..... ....#..........#
#...# #..... ....#..........#
#...# ######
....#..).......#####...#####
....#...........@e....>....#
#####..........####........#
....'..........# #........#
#####..........# #........#
...........#+#.####...(....####
########..####.##.............#
#......#.......##.............#
#.#..#.##.#######.............#
#.#..#.##.# #######.......#


You could see Duvessa (berserk).

Vanquished Creatures
  An ice beast (D:6)
  A sky beast (D:6)
  2 ogres (D:5)
  A phantom (D:4)
  A necrophage (D:6)
  A scorpion (D:4)
  Dowan (D:5)
  A howler monkey (D:5)
  A crimson imp (D:4)
  2 orc priests
  3 hounds
  2 jellies
  3 orc wizards
  5 iguanas
  4 adders
  6 gnolls
  2 ufetubi
  2 worms
  2 dart slugs
  14 orcs
  4 bats
  4 endoplasms (D:1)
  3 giant cockroaches
  5 goblins
  6 hobgoblins
  5 jackals
  3 quokkas
  4 ball pythons
  A frilled lizard (D:1)
  7 kobolds
  A rat (D:3)
98 creatures vanquished.

Notes
Turn   | Place    | Note
-------+----------+-------------------------------------------
     0 | D:1      | zishaf the Tengu Necromancer began the quest for the Orb.
     0 | D:1      | Reached XP level 1. HP: 10/10 MP: 4/4
   374 | D:1      | Reached skill level 1 in Fighting
   374 | D:1      | Reached XP level 2. HP: 13/16 MP: 3/6
  1091 | D:2      | Reached skill level 5 in Necromancy
  1091 | D:2      | Reached XP level 3. HP: 14/21 MP: 2/7
  1128 | D:1      | Learned a level 3 spell: Vampiric Draining
  1395 | D:2      | Reached XP level 4. HP: 24/26 MP: 5/8
  1484 | D:2      | Noticed a floating eye
  1486 | D:2      | Found a faded altar of an unknown god.
  1488 | D:2      | Noticed a floating eye
  1488 | D:2      | Noticed a floating eye
  1488 | D:2      | Noticed a shining eye
  2143 | D:3      | Found a sacrificial altar of Ru.
  2249 | D:3      | Found a runed translucent door.
  2250 | D:3      | Noticed Crazy Yiuf
  2385 | D:3      | Found a snail-covered altar of Cheibriados.
  2606 | D:4      | Found Ifyr's Book Emporium.
  2713 | D:4      | Gained mutation: Your magical nature lets you fly swiftly
                  | and evasively. [Tengu growth]
  2713 | D:4      | Reached XP level 5. HP: 31/32 MP: 2/9
  3132 | D:4      | Reached skill level 6 in Necromancy
  3237 | D:4      | Noticed a phantom
  3480 | D:4      | Reached XP level 6. HP: 33/38 MP: 10/10
  4032 | D:4      | Found a burning altar of Makhleb.
  4032 | D:4      | Found a shimmering altar of Xom.
  4038 | D:4      | Reached skill level 7 in Necromancy
  4038 | D:4      | Reached XP level 7. HP: 42/44 MP: 11/11
  4094 | D:5      | Entered Level 5 of the Dungeon
  4354 | D:5      | Reached skill level 5 in Fighting
  5077 | D:5      | Reached skill level 8 in Necromancy
  5354 | D:5      | Reached XP level 8. HP: 32/51 MP: 8/12
  5730 | D:6      | Noticed Menkaure
  6601 | D:6      | Noticed Duvessa
  6601 | D:6      | Noticed Dowan
  6660 | D:5      | Killed Dowan
  6661 | D:5      | Reached skill level 9 in Necromancy
  6662 | D:5      | Slain by Duvessa

Illustrated notes

Levels and vault maps discovered:
D:1:      dpeg_arrival_three_same_balls, layout_basic, minmay_misc_feat_cross
D:2:      layout_rooms, hellmonk_ecumenical_altar_watching_god, serial_curves,
          eino_curves_04, eino_curves_02
D:3:      layout_rooms, nicolae_overflow_hidden_temple,
          mainiacjoe_overflow_24_doors, uniq_crazy_yiuf_cottage
D:4:      layout_loops_ring, grunt_temple_overflow_champion_of_chaos,
          serial_shops, shop_statue
D:5:      layout_basic, minmay_checkerbox
D:6:      layout_basic, zin_scriptorium, minmay_pentangle, uniq_duvessa,
          uniq_menkaure

Skill      XL: |  1  2  3  4  5  6  7  8 |
---------------+-------------------------+-----
Fighting       | 1 2 3 4 6 7 |  7.0
Necromancy     | 5 6 7 8 9 |  9.0
Dodging        | |  2.1
Stealth        | |  2.0
Spellcasting   | |  2.0

Action                   |  1- 3 |  4- 6 |  7- 9 || total
-------------------------+-------+-------+-------++-------
Melee: Hand axe          |     8 |       |       ||     8
       Dagger            |    16 |    60 |    56 ||   132
       Kick              |     9 |    11 |    15 ||    35
       Peck              |     2 |    11 |    15 ||    28
 Cast: Pain              |    33 |    44 |    25 ||   102
       Vampiric Draining |       |    10 |    36 ||    46
Evoke: Wand              |       |       |     3 ||     3
  Use: Scroll            |       |     8 |     3 ||    11
       Potion            |       |     2 |     1 ||     3
 Stab: Sleeping          |     2 |     1 |     1 ||     4
       Distracted        |       |       |     1 ||     1
       Paralysed         |       |       |     3 ||     3
Armor: Robe              |     3 |     6 |     8 ||    17
Dodge: Dodged            |    21 |    33 |    51 ||   105

Table legend: (Time is in decaauts)
 A = Elapsed time spent in this place.
 B = Non-inter-level travel time spent in this place.
 C = Inter-level travel time spent in this place.
 D = Time resting spent in this place.
 E = Time spent auto-exploring this place.
 F = Levels seen in this place.
 G = Mean time per level.
                   A        B        C        D        E       F      G
               +--------+--------+--------+--------+--------+-----+--------+
         Total |   6475 |   6223 |    252 |    756 |   4390 |   6 | 1079.2 |
       Dungeon |   6475 |   6223 |    252 |    756 |   4390 |   6 | 1079.2 |
               +--------+--------+--------+--------+--------+-----+--------+

Top non-repeatable levels by time:
     D:4: 1498 daAuts
     D:5: 1420 daAuts
     D:1: 1000 daAuts
     D:6: 893 daAuts
     D:2: 868 daAuts
     D:3: 793 daAuts
